Canadiens vs Rangers

Created - 9 mars 2024 at 13:32

Goals
1 2 3 T
Canadiens 2 1 1 4
Rangers 0 1 0 1
Shots
1 2 3 T
Canadiens 12 8 17 37
Rangers 6 12 14 32

GoalsPenalties
1st period
1. Canadiens , Jonas Siegenthaler 7 (Brandon Hagel 41, Matt Duchene 34) at 13:35
2. Canadiens , Ryan Nugent-Hopkins 23 (Matthew Tkachuk 44) at 18:59
Christian Dvorak (NYR) for Hooking (Minor) at 14:44
2nd period
3. Canadiens , Ryan Nugent-Hopkins 24 (Matthew Tkachuk 45, Elias Lindholm 51) at 5:01 (PP)
4. Rangers , Evgeny Kuznetsov 19 (Martin Fehervary 9, Joel Eriksson Ek 29) at 15:33 (PP)
Jake Guentzel (NYR) for Delaying the game (Minor) at 4:58
Jake Guentzel (NYR) for Holding (Minor) at 6:43
Max Domi (MTL) for Holding (Minor) at 14:06
Anton Lundell (NYR) for Hooking (Minor) at 18:38
3rd period
5. Canadiens , Andrew Mangiapane 28 (Vladislav Gavrikov 10, Ryan Nugent-Hopkins 37) at 11:13
Adam Pelech (NYR) for Boarding (Minor) at 5:46
Sebastian Aho (NYR) for Roughing (Minor) at 9:04
Kevin Shattenkirk (NYR) for Holding (Minor) at 11:48
Martin Fehervary (NYR) for High sticking (Minor) at 16:55
Goalie Stats
Linus Ullmark (MTL), 31 saves from 32 shots - (0,969), W, 40-27-7, 60:00 minutes
Alexandar Georgiev (NYR), 33 saves from 37 shots - (0,892), L, 26-29-4, 60:00 minutes
3 StarsOfficial
1 - Ryan Nugent-Hopkins (MTL)
2 - Linus Ullmark (MTL)
3 - Matthew Tkachuk (MTL)
Referees : Daria Ermak and Carter Sandlak
Linesman : Bryan Pancich and Devin Berg
Game Note
No Game Note
Finance
Level 1 -- Attendance: 5368 (89%) -- Ticket Income $493,856
Level 2 -- Attendance: 4947 (99%) -- Ticket Income $277,032
Level 3 -- Attendance: 2200 (100%) -- Ticket Income $74,800
Level 4 -- Attendance: 4000 (100%) -- Ticket Income $72,000
Luxury Box -- Attendance: 1000 (100%) -- Ticket Income $190,000
Game was played at the Madison Square Garden.
Total Attendance: 17515 (96%)
Total Ticket Income: $1,107,688
Other Income: $332,306
Total Income: $1,439,994



Team Name Goals Shots Shots Attemp Shots Blocked PIM HIT PP PK FO%
Canadiens 43767122221 / 8 (13%)162%
Rangers 132581216191 / 1 (100%)138%

Canadiens
Player Name POS G A P +/- PIM HIT SHT SB MP PP MP PP SHT PK MP PK SHT FO% FOT GA TA
Andrew MangiapaneLW/RW1011024011:160:0100:1100% 010
Blake ColemanLW/RW0001020010:260:0100:0000% 002
Brandon HagelLW0111014121:586:0821:1600% 021
Elias LindholmC0111022025:027:4701:16068% 3800
Jake WalmanD000101019:390:0000:0000% 000
Jonas SiegenthalerD1011012128:129:1000:2500% 001
Justin FaulkD0001043228:499:1021:0200% 021
Juuso ValimakiD000000000:000:0000:0000% 000
K'Andre MillerD0001001021:324:4600:2500% 001
Mathew BarzalC/RW0001032121:056:0800:00075% 411
Matias MaccelliLW000000103:590:0000:0000% 000
Matt DucheneC/RW0111015220:516:0830:00077% 1320
Matthew TkachukRW0221046025:377:4710:00025% 400
Max DomiC/LW0001201010:250:0100:00030% 1000
Noel AcciariC/RW000001004:100:0000:110100% 110
Ryan Nugent-HopkinsC/LW2131004123:437:4710:00050% 401
Vladislav GavrikovD0111002322:094:4601:0200% 001
Zach WerenskiD000100009:390:0000:0000% 000
Rangers
Player Name POS G A P +/- PIM HIT SHT SB MP PP MP PP SHT PK MP PK SHT FO% FOT GA TA
Adam PelechD000-1211127:250:5708:0800% 000
Anton LundellC/LW0000222014:180:0000:0000% 110
Blake WheelerC/RW000-1002011:580:3600:00050% 200
Carl GrundstromLW/RW0000021113:570:0001:0000% 111
Christian DvorakC/LW000-1222118:090:0004:22029% 712
Evgeny KuznetsovC101-1002013:220:3611:17047% 1700
Filip HronekD000-2011019:220:3001:2300% 000
Jack HughesC/LW000000000:360:3600:0000% 000
Jake GuentzelLW/RW000-2432020:560:5100:0000% 140
Joel Eriksson EkC011-1012121:070:5108:32041% 3401
Kasperi KapanenLW/RW0000004017:320:0008:281100% 111
Kevin ShattenkirkD000-2212219:580:3000:0000% 000
Martin FehervaryD0110222421:340:5703:5100% 002
Michael PezzettaC/LW000001108:080:0000:0000% 000
Morgan BarronC/LW/RW000-1003012:460:0003:58211% 900
Nick HoldenD0000001013:290:0004:3600% 001
Nick SeelerD000-1011119:020:0009:5400% 001
Sebastian AhoC/LW000-2223112:170:5120:150100% 110

Canadiens

5 vs 5 Forward
Line #Left WingCenterRight WingPHYDFOFWanted %Time %Time Play
1Ryan Nugent-HopkinsElias LindholmMatthew Tkachuk1224236%16:06
2Brandon HagelMatt DucheneMathew Barzal1223532%14:17
3Andrew MangiapaneMax DomiBlake Coleman1221923%10:15
4Matias MaccelliNoel AcciariMatthew Tkachuk12249%3:59
5 vs 5 Defense
Line #DefenseDefensePHYDFOFWanted %Time %Time Play
1Justin FaulkJonas Siegenthaler1224142%18:37
2K'Andre MillerVladislav Gavrikov1223637%16:21
3Jake WalmanZach Werenski1221822%9:39
4Justin FaulkJonas Siegenthaler12250%0:00
Power Play Forward
Line #Left WingCenterRight WingPHYDFOFWanted %Time %Time Play
1Ryan Nugent-HopkinsElias LindholmMatthew Tkachuk1137056%7:48
2Brandon HagelMathew BarzalMatt Duchene0143044%6:08
Power Play Defense
Line #DefenseDefensePHYDFOFWanted %Time %Time Play
1Justin FaulkJonas Siegenthaler1136566%9:10
2K'Andre MillerVladislav Gavrikov1133534%4:46
Penalty Kill 4 Players Forward
Line #CenterWingPHYDFOFWanted %Time %Time Play
1Elias LindholmBrandon Hagel13165100%1:27
2Noel AcciariRyan Nugent-Hopkins131350%0:00
Penalty Kill 4 Players Defense
Line #DefenseDefensePHYDFOFWanted %Time %Time Play
1Vladislav GavrikovJustin Faulk1316571%1:02
2K'Andre MillerJonas Siegenthaler1313529%0:25
Penalty Kill 3 Players
Line #WingPHYDFOFWanted %Time %Time PlayDefenseDefensePHYDFOFWanted %Time %Time Play
1Elias Lindholm140580%0:00 Vladislav GavrikovJonas Siegenthaler140600%0:00
2Brandon Hagel140420%0:00 K'Andre MillerJustin Faulk140400%0:00
4 vs 4 Forward
Line #CenterWingPHYDFOFWanted %Time %Time Play
1Elias LindholmMatthew Tkachuk122600%0:00
2Matt DucheneRyan Nugent-Hopkins122400%0:00
4 vs 4 Defense
Line #DefensePHYDFOFWanted %Time %Time Play
1Justin FaulkJonas Siegenthaler122650%0:00
2K'Andre MillerVladislav Gavrikov122350%0:00
Last Minutes Offensive
Left WingCenterRight WingDefenseDefense
Ryan Nugent-HopkinsElias LindholmMatthew TkachukJustin FaulkJonas Siegenthaler
Last Minutes Defensive
Left WingCenterRight WingDefenseDefense
Brandon HagelElias LindholmNoel AcciariVladislav GavrikovK'Andre Miller
Time
Total ForwardTotal DefenseLast Minutes OffensiveLast Minutes Defensive
60:00 60:00 0:000:00
Extra Forwards
Normal PowerPlayPenalty Kill
Matt Duchene, Andrew Mangiapane, Mathew BarzalMatt Duchene, Andrew MangiapaneNoel Acciari
Extra Defensemen
Normal PowerPlayPenalty Kill
Vladislav Gavrikov, Jake Walman, Zach WerenskiVladislav Gavrikov, Justin FaulkJake Walman
Penalty Shots
Matthew Tkachuk, Brandon Hagel, Ryan Nugent-Hopkins, Elias Lindholm, Andrew Mangiapane
Goalie
Linus Ullmark, Ukko-Pekka Luukkonen
Scratches
None

Rangers

5 vs 5 Forward
Line #Left WingCenterRight WingPHYDFOFWanted %Time %Time Play
1Sebastian AhoJoel Eriksson EkJake Guentzel0233827%12:01
2Jake GuentzelEvgeny KuznetsovBlake Wheeler1223827%11:52
3Anton LundellChristian DvorakCarl Grundstrom1311928%12:36
4Michael PezzettaMorgan BarronKasperi Kapanen131518%8:08
5 vs 5 Defense
Line #DefenseDefensePHYDFOFWanted %Time %Time Play
1Filip HronekKevin Shattenkirk1223842%18:38
2Adam PelechMartin Fehervary1223736%15:59
3Nick SeelerNick Holden1312018%8:11
4Adam PelechKevin Shattenkirk13154%1:49
Power Play Forward
Line #Left WingCenterRight WingPHYDFOFWanted %Time %Time Play
1Sebastian AhoJoel Eriksson EkJake Guentzel0145559%0:51
2Jack HughesEvgeny KuznetsovBlake Wheeler0234541%0:36
Power Play Defense
Line #DefenseDefensePHYDFOFWanted %Time %Time Play
1Filip HronekKevin Shattenkirk1226034%0:30
2Martin FehervaryAdam Pelech1224066%0:57
Penalty Kill 4 Players Forward
Line #CenterWingPHYDFOFWanted %Time %Time Play
1Joel Eriksson EkKasperi Kapanen1226072%9:58
2Morgan BarronChristian Dvorak1224028%3:58
Penalty Kill 4 Players Defense
Line #DefenseDefensePHYDFOFWanted %Time %Time Play
1Nick SeelerAdam Pelech1226070%9:48
2Martin FehervaryNick Holden1224030%4:08
Penalty Kill 3 Players
Line #WingPHYDFOFWanted %Time %Time PlayDefenseDefensePHYDFOFWanted %Time %Time Play
1Joel Eriksson Ek131600%0:00 Adam PelechMartin Fehervary131600%0:00
2Kasperi Kapanen131400%0:00 Kevin ShattenkirkNick Holden131400%0:00
4 vs 4 Forward
Line #CenterWingPHYDFOFWanted %Time %Time Play
1Sebastian AhoJack Hughes122600%0:00
2Joel Eriksson EkKasperi Kapanen122400%0:00
4 vs 4 Defense
Line #DefensePHYDFOFWanted %Time %Time Play
1Nick HoldenKevin Shattenkirk122600%0:00
2Filip HronekNick Seeler122400%0:00
Last Minutes Offensive
Left WingCenterRight WingDefenseDefense
Jack HughesSebastian AhoJake GuentzelKevin ShattenkirkFilip Hronek
Last Minutes Defensive
Left WingCenterRight WingDefenseDefense
Kasperi KapanenJoel Eriksson EkMorgan BarronNick HoldenAdam Pelech
Time
Total ForwardTotal DefenseLast Minutes OffensiveLast Minutes Defensive
60:00 60:00 0:000:00
Extra Forwards
Normal PowerPlayPenalty Kill
Kasperi Kapanen, Anton Lundell, Carl GrundstromChristian Dvorak, Carl GrundstromChristian Dvorak
Extra Defensemen
Normal PowerPlayPenalty Kill
Nick Holden, Martin Fehervary, Nick SeelerMartin Fehervary, Nick SeelerFilip Hronek
Penalty Shots
Sebastian Aho, Jake Guentzel, Jack Hughes, Joel Eriksson Ek, Blake Wheeler
Goalie
Alexandar Georgiev, Karel Vejmelka
Scratches
None


Play-by-Play

1st period


0:01 of 1st period - Joel Eriksson Ek wins face-off versus Elias Lindholm in neutral zone.
0:52 of 1st period - Snap shot by Jake Guentzel.
0:52 of 1st period - Stopped by Linus Ullmark without a rebound.
0:53 of 1st period - Noel Acciari wins face-off versus Evgeny Kuznetsov in Canadiens zone.
0:53 of 1st period - Noel Acciari is hit by Nick Seeler.
1:29 of 1st period - Snap shot by Michael Pezzetta.
1:29 of 1st period - Shot Blocked by Jake Walman.
1:31 of 1st period - Snap shot by Morgan Barron.
1:31 of 1st period - Shot Misses the Net.
2:01 of 1st period - Wrist shot by Matt Duchene.
2:01 of 1st period - Shot Blocked by Kevin Shattenkirk.
2:03 of 1st period - Snap shot by Brandon Hagel.
2:03 of 1st period - Shot Misses the Net.
2:05 of 1st period - Slapshot by Zach Werenski.
2:05 of 1st period - Deflect By Brandon Hagel.
2:05 of 1st period - Shot Misses the Net.
2:05 of 1st period - Puck is out of play.
2:06 of 1st period - Elias Lindholm wins face-off versus Evgeny Kuznetsov in Rangers zone.
2:13 of 1st period - Wrist shot by Matthew Tkachuk.
2:13 of 1st period - Stopped by Alexandar Georgiev without a rebound.
2:14 of 1st period - Evgeny Kuznetsov wins face-off versus Elias Lindholm in Rangers zone.
2:44 of 1st period - Snap shot by Elias Lindholm.
2:44 of 1st period - Stopped by Alexandar Georgiev with a rebound.
2:46 of 1st period - Slapshot by Vladislav Gavrikov.
2:46 of 1st period - Deflect By Adam Pelech.
2:46 of 1st period - Stopped by Alexandar Georgiev with a rebound.
2:48 of 1st period - Snap shot by K'Andre Miller.
2:48 of 1st period - Stopped by Alexandar Georgiev with a rebound.
2:50 of 1st period - Slapshot by Vladislav Gavrikov.
2:50 of 1st period - Stopped by Alexandar Georgiev with a rebound.
2:52 of 1st period - Backhand shot by Vladislav Gavrikov.
2:52 of 1st period - Shot Blocked by Adam Pelech.
3:03 of 1st period - Slapshot by K'Andre Miller.
3:03 of 1st period - Deflect By Matthew Tkachuk.
3:03 of 1st period - Stopped by Alexandar Georgiev without a rebound.
3:04 of 1st period - Christian Dvorak wins face-off versus Max Domi in Rangers zone.
3:37 of 1st period - Off-side.
3:38 of 1st period - Max Domi wins face-off versus Morgan Barron in neutral zone.
4:01 of 1st period - Morgan Barron is hit by Jake Walman and loses puck.
4:14 of 1st period - Matthew Tkachuk is hit by Michael Pezzetta and loses puck.
4:57 of 1st period - Nick Seeler is hit by Elias Lindholm and loses puck.
5:04 of 1st period - Snap shot by Ryan Nugent-Hopkins.
5:04 of 1st period - Stopped by Alexandar Georgiev with a rebound.
5:21 of 1st period - Off-side.
5:22 of 1st period - Matt Duchene wins face-off versus Joel Eriksson Ek in neutral zone.
5:34 of 1st period - Snap shot by Matt Duchene.
5:34 of 1st period - Stopped by Alexandar Georgiev with a rebound.
6:13 of 1st period - Jake Guentzel is hit by Mathew Barzal and loses puck.
6:30 of 1st period - Martin Fehervary is hit by Andrew Mangiapane and loses puck.
8:14 of 1st period - Ryan Nugent-Hopkins is hit by Carl Grundstrom and loses puck.
10:15 of 1st period - Icing by Filip Hronek.
10:16 of 1st period - Elias Lindholm wins face-off versus Carl Grundstrom in Rangers zone.
11:15 of 1st period - Ryan Nugent-Hopkins is hit by Anton Lundell and loses puck.
11:54 of 1st period - Slapshot by Blake Wheeler.
11:54 of 1st period - Shot Misses the Net.
11:56 of 1st period - Slapshot by Filip Hronek.
11:56 of 1st period - Shot Blocked by Vladislav Gavrikov.
11:58 of 1st period - Wrist shot by Evgeny Kuznetsov.
11:58 of 1st period - Stopped by Linus Ullmark without a rebound.
11:59 of 1st period - Elias Lindholm wins face-off versus Christian Dvorak in Canadiens zone.
12:15 of 1st period - Snap shot by Ryan Nugent-Hopkins.
12:15 of 1st period - Shot Blocked by Martin Fehervary.
12:30 of 1st period - Snap shot by Carl Grundstrom.
12:30 of 1st period - Shot Hit the Post.
12:32 of 1st period - Snap shot by Christian Dvorak.
12:32 of 1st period - Shot Blocked by Vladislav Gavrikov.
12:34 of 1st period - Backhand shot by Martin Fehervary.
12:34 of 1st period - Stopped by Linus Ullmark with a rebound.
13:12 of 1st period - Slapshot by Anton Lundell.
13:12 of 1st period - Deflect By Matthew Tkachuk.
13:12 of 1st period - Stopped by Linus Ullmark without a rebound.
13:13 of 1st period - Matt Duchene wins face-off versus Joel Eriksson Ek in Canadiens zone.
13:22 of 1st period - Wrist shot by Matt Duchene.
13:22 of 1st period - Stopped by Alexandar Georgiev with a rebound.
13:24 of 1st period - Snap shot by Mathew Barzal.
13:24 of 1st period - Shot Misses the Net.
13:26 of 1st period - Wrist shot by Jonas Siegenthaler.
13:26 of 1st period - Stopped by Alexandar Georgiev without a rebound.
13:27 of 1st period - Matt Duchene wins face-off versus Joel Eriksson Ek in Rangers zone.
13:35 of 1st period - Slapshot by Jonas Siegenthaler.
13:35 of 1st period - Goal by Jonas Siegenthaler - Canadiens : 1 - Rangers : 0.
13:36 of 1st period - Joel Eriksson Ek wins face-off versus Matt Duchene in neutral zone.
13:43 of 1st period - Wrist shot by Sebastian Aho.
13:43 of 1st period - Shot Blocked by Mathew Barzal.
13:45 of 1st period - Wrist shot by Sebastian Aho.
13:45 of 1st period - Stopped by Linus Ullmark without a rebound.
13:46 of 1st period - Matt Duchene wins face-off versus Joel Eriksson Ek in Canadiens zone.
13:51 of 1st period - Wrist shot by Justin Faulk.
13:51 of 1st period - Shot Blocked by Joel Eriksson Ek.
13:57 of 1st period - Snap shot by Matt Duchene.
13:57 of 1st period - Shot Blocked by Sebastian Aho.
14:21 of 1st period - Slapshot by Jake Guentzel.
14:21 of 1st period - Shot Misses the Net.
14:23 of 1st period - Slapshot by Kevin Shattenkirk.
14:23 of 1st period - Stopped by Linus Ullmark without a rebound.
14:24 of 1st period - Elias Lindholm wins face-off versus Christian Dvorak in Canadiens zone.
14:35 of 1st period - Snap shot by Elias Lindholm.
14:35 of 1st period - Shot Blocked by Carl Grundstrom.
14:37 of 1st period - Wrist shot by Matthew Tkachuk.
14:37 of 1st period - Shot Blocked by Martin Fehervary.
14:39 of 1st period - Slapshot by Elias Lindholm.
14:39 of 1st period - Shot Blocked by Christian Dvorak.
14:44 of 1st period - Minor Penalty to Christian Dvorak for Hooking.
14:45 of 1st period - Elias Lindholm wins face-off versus Joel Eriksson Ek in Rangers zone.
15:01 of 1st period - Nick Seeler is hit by Elias Lindholm and loses puck.
15:16 of 1st period - Adam Pelech is hit by Mathew Barzal and loses puck.
16:01 of 1st period - Mathew Barzal is hit by Martin Fehervary and loses puck.
16:18 of 1st period - Ryan Nugent-Hopkins is hit by Joel Eriksson Ek and loses puck.
16:44 of 1st period - Penalty to Christian Dvorak is over, Christian Dvorak is back on ice.
16:47 of 1st period - Mathew Barzal is hit by Jake Guentzel and loses puck.
17:10 of 1st period - Anton Lundell is hit by Blake Coleman and loses puck.
17:51 of 1st period - Noel Acciari is hit by Adam Pelech and loses puck.
18:32 of 1st period - Off-side.
18:33 of 1st period - Joel Eriksson Ek wins face-off versus Max Domi in neutral zone.
18:54 of 1st period - Blake Wheeler is hit by Matthew Tkachuk and loses puck.
18:59 of 1st period - Wrist shot by Ryan Nugent-Hopkins.
18:59 of 1st period - Goal by Ryan Nugent-Hopkins - Canadiens : 2 - Rangers : 0.
19:00 of 1st period - Evgeny Kuznetsov wins face-off versus Matthew Tkachuk in neutral zone.
19:27 of 1st period - Matt Duchene is hit by Christian Dvorak and loses puck.
Goals for this period are 2 for Canadiens vs 0 for Rangers.
Shots for this period are 12 for Canadiens vs 6 for Rangers.

2nd period


0:01 of 2nd period - Evgeny Kuznetsov wins face-off versus Elias Lindholm in neutral zone.
0:26 of 2nd period - Matt Duchene is hit by Filip Hronek.
0:30 of 2nd period - Jonas Siegenthaler is hit by Carl Grundstrom and loses puck.
0:47 of 2nd period - Wrist shot by Joel Eriksson Ek.
0:47 of 2nd period - Stopped by Linus Ullmark without a rebound.
0:48 of 2nd period - Joel Eriksson Ek wins face-off versus Max Domi in Canadiens zone.
1:22 of 2nd period - Vladislav Gavrikov is hit by Anton Lundell and loses puck.
1:52 of 2nd period - Snap shot by Kasperi Kapanen.
1:52 of 2nd period - Deflect By Blake Coleman.
1:52 of 2nd period - Stopped by Linus Ullmark with a rebound.
2:24 of 2nd period - Snap shot by Carl Grundstrom.
2:24 of 2nd period - Stopped by Linus Ullmark with a rebound.
2:26 of 2nd period - Slapshot by Nick Holden.
2:26 of 2nd period - Shot Blocked by Justin Faulk.
2:28 of 2nd period - Slapshot by Christian Dvorak.
2:28 of 2nd period - Shot Misses the Net.
2:30 of 2nd period - Slapshot by Nick Seeler.
2:30 of 2nd period - Shot Blocked by Matt Duchene.
3:30 of 2nd period - Snap shot by Andrew Mangiapane.
3:30 of 2nd period - Stopped by Alexandar Georgiev without a rebound.
3:31 of 2nd period - Joel Eriksson Ek wins face-off versus Max Domi in Rangers zone.
3:38 of 2nd period - Snap shot by Adam Pelech.
3:38 of 2nd period - Stopped by Linus Ullmark with a rebound.
3:50 of 2nd period - Martin Fehervary is hit by Mathew Barzal and loses puck.
4:00 of 2nd period - Wrist shot by Brandon Hagel.
4:00 of 2nd period - Stopped by Alexandar Georgiev without a rebound.
4:01 of 2nd period - Elias Lindholm wins face-off versus Blake Wheeler in Rangers zone.
4:55 of 2nd period - Slapshot by Andrew Mangiapane.
4:55 of 2nd period - Stopped by Alexandar Georgiev without a rebound.
4:56 of 2nd period - Joel Eriksson Ek wins face-off versus Max Domi in Rangers zone.
4:58 of 2nd period - Minor Penalty to Jake Guentzel for Delaying the game.
4:59 of 2nd period - Elias Lindholm wins face-off versus Joel Eriksson Ek in Rangers zone.
5:01 of 2nd period - Wrist shot by Ryan Nugent-Hopkins.
5:01 of 2nd period - Goal by Ryan Nugent-Hopkins - Canadiens : 3 - Rangers : 0.
5:02 of 2nd period - Ryan Nugent-Hopkins wins face-off versus Joel Eriksson Ek in neutral zone.
5:16 of 2nd period - Snap shot by Joel Eriksson Ek.
5:16 of 2nd period - Shot Misses the Net.
6:15 of 2nd period - Slapshot by Kasperi Kapanen.
6:15 of 2nd period - Shot Misses the Net.
6:17 of 2nd period - Snap shot by Kasperi Kapanen.
6:17 of 2nd period - Shot Misses the Net.
6:19 of 2nd period - Snap shot by Morgan Barron.
6:19 of 2nd period - Stopped by Linus Ullmark with a rebound.
6:21 of 2nd period - Snap shot by Kasperi Kapanen.
6:21 of 2nd period - Stopped by Linus Ullmark without a rebound.
6:22 of 2nd period - Sebastian Aho wins face-off versus Matt Duchene in Canadiens zone.
6:23 of 2nd period - Snap shot by Jake Guentzel.
6:23 of 2nd period - Stopped by Linus Ullmark without a rebound.
6:24 of 2nd period - Matt Duchene wins face-off versus Joel Eriksson Ek in Canadiens zone.
6:43 of 2nd period - Minor Penalty to Jake Guentzel for Holding.
6:44 of 2nd period - Kasperi Kapanen wins face-off versus Matthew Tkachuk in Rangers zone.
6:56 of 2nd period - Snap shot by Joel Eriksson Ek.
6:56 of 2nd period - Shot Blocked by Jonas Siegenthaler.
7:10 of 2nd period - Nick Seeler is hit by Justin Faulk.
8:38 of 2nd period - Vladislav Gavrikov is hit by Christian Dvorak.
8:43 of 2nd period - Penalty to Jake Guentzel is over, Jake Guentzel is back on ice.
10:28 of 2nd period - K'Andre Miller is hit by Jake Guentzel and loses puck.
10:51 of 2nd period - Wrist shot by Matthew Tkachuk.
10:51 of 2nd period - Stopped by Alexandar Georgiev with a rebound.
11:42 of 2nd period - Icing by Filip Hronek.
11:43 of 2nd period - Max Domi wins face-off versus Evgeny Kuznetsov in Rangers zone.
11:46 of 2nd period - Slapshot by Andrew Mangiapane.
11:46 of 2nd period - Shot Misses the Net.
12:30 of 2nd period - Slapshot by Filip Hronek.
12:30 of 2nd period - Shot Misses the Net.
13:33 of 2nd period - Snap shot by Kasperi Kapanen.
13:33 of 2nd period - Shot Blocked by Brandon Hagel.
13:35 of 2nd period - Snap shot by Nick Holden.
13:35 of 2nd period - Stopped by Linus Ullmark with a rebound.
13:47 of 2nd period - Slapshot by Andrew Mangiapane.
13:47 of 2nd period - Stopped by Alexandar Georgiev without a rebound.
13:48 of 2nd period - Christian Dvorak wins face-off versus Max Domi in Rangers zone.
13:59 of 2nd period - Snap shot by Anton Lundell.
13:59 of 2nd period - Shot Misses the Net.
14:06 of 2nd period - Minor Penalty to Max Domi for Holding.
14:07 of 2nd period - Joel Eriksson Ek wins face-off versus Elias Lindholm in Canadiens zone.
14:27 of 2nd period - Brandon Hagel is hit by Jake Guentzel and loses puck.
14:38 of 2nd period - Snap shot by Sebastian Aho.
14:38 of 2nd period - Stopped by Linus Ullmark without a rebound.
14:39 of 2nd period - Elias Lindholm wins face-off versus Evgeny Kuznetsov in Canadiens zone.
15:08 of 2nd period - Off-side.
15:09 of 2nd period - Elias Lindholm wins face-off versus Jake Guentzel in neutral zone.
15:18 of 2nd period - Snap shot by Sebastian Aho.
15:18 of 2nd period - Stopped by Linus Ullmark without a rebound.
15:19 of 2nd period - Elias Lindholm wins face-off versus Joel Eriksson Ek in Canadiens zone.
15:19 of 2nd period - Elias Lindholm is hit by Sebastian Aho.
15:33 of 2nd period - Slapshot by Martin Fehervary.
15:33 of 2nd period - Deflect By Evgeny Kuznetsov.
15:33 of 2nd period - Goal by Evgeny Kuznetsov - Canadiens : 3 - Rangers : 1.
15:34 of 2nd period - Blake Wheeler wins face-off versus Elias Lindholm in neutral zone.
16:32 of 2nd period - Snap shot by Andrew Mangiapane.
16:32 of 2nd period - Shot Hit the Post.
16:34 of 2nd period - Snap shot by Max Domi.
16:34 of 2nd period - Shot Blocked by Kevin Shattenkirk.
16:44 of 2nd period - Filip Hronek is hit by Noel Acciari and loses puck.
16:55 of 2nd period - Wrist shot by Matias Maccelli.
16:55 of 2nd period - Stopped by Alexandar Georgiev without a rebound.
16:56 of 2nd period - Matt Duchene wins face-off versus Christian Dvorak in Rangers zone.
16:59 of 2nd period - Slapshot by Brandon Hagel.
16:59 of 2nd period - Shot Blocked by Martin Fehervary.
17:13 of 2nd period - Slapshot by Christian Dvorak.
17:13 of 2nd period - Stopped by Linus Ullmark without a rebound.
17:14 of 2nd period - Evgeny Kuznetsov wins face-off versus Elias Lindholm in Canadiens zone.
17:15 of 2nd period - Wrist shot by Jake Guentzel.
17:15 of 2nd period - Shot Misses the Net.
17:25 of 2nd period - Snap shot by Matthew Tkachuk.
17:25 of 2nd period - Stopped by Alexandar Georgiev without a rebound.
17:26 of 2nd period - Evgeny Kuznetsov wins face-off versus Elias Lindholm in Rangers zone.
18:00 of 2nd period - Snap shot by Kasperi Kapanen.
18:00 of 2nd period - Shot Blocked by Vladislav Gavrikov.
18:38 of 2nd period - Minor Penalty to Anton Lundell for Hooking.
18:39 of 2nd period - Ryan Nugent-Hopkins wins face-off versus Joel Eriksson Ek in Rangers zone.
Goals for this period are 1 for Canadiens vs 1 for Rangers.
Shots for this period are 8 for Canadiens vs 12 for Rangers.

3rd period


0:01 of 3rd period - Joel Eriksson Ek wins face-off versus Ryan Nugent-Hopkins in neutral zone.
0:06 of 3rd period - Slapshot by Adam Pelech.
0:06 of 3rd period - Deflect By Kasperi Kapanen.
0:06 of 3rd period - Shot Blocked by Ryan Nugent-Hopkins.
0:06 of 3rd period - Puck is out of play.
0:07 of 3rd period - Elias Lindholm wins face-off versus Joel Eriksson Ek in Canadiens zone.
0:33 of 3rd period - Snap shot by Kasperi Kapanen.
0:33 of 3rd period - Stopped by Linus Ullmark without a rebound.
0:34 of 3rd period - Mathew Barzal wins face-off versus Morgan Barron in Canadiens zone.
0:38 of 3rd period - Penalty to Anton Lundell is over, Anton Lundell is back on ice.
1:07 of 3rd period - Wrist shot by Mathew Barzal.
1:07 of 3rd period - Deflect By Martin Fehervary.
1:07 of 3rd period - Stopped by Alexandar Georgiev without a rebound.
1:08 of 3rd period - Joel Eriksson Ek wins face-off versus Elias Lindholm in Rangers zone.
1:34 of 3rd period - Kevin Shattenkirk is hit by Justin Faulk.
2:12 of 3rd period - Wrist shot by Michael Pezzetta.
2:12 of 3rd period - Stopped by Linus Ullmark without a rebound.
2:13 of 3rd period - Elias Lindholm wins face-off versus Morgan Barron in Canadiens zone.
2:32 of 3rd period - Wrist shot by Kasperi Kapanen.
2:32 of 3rd period - Stopped by Linus Ullmark with a rebound.
2:34 of 3rd period - Slapshot by Nick Seeler.
2:34 of 3rd period - Stopped by Linus Ullmark without a rebound.
2:35 of 3rd period - Matt Duchene wins face-off versus Evgeny Kuznetsov in Canadiens zone.
2:46 of 3rd period - Wrist shot by K'Andre Miller.
2:46 of 3rd period - Deflect By Matt Duchene.
2:46 of 3rd period - Shot Misses the Net.
2:46 of 3rd period - Puck is out of play.
2:47 of 3rd period - Joel Eriksson Ek wins face-off versus Ryan Nugent-Hopkins in Rangers zone.
2:58 of 3rd period - Jonas Siegenthaler is hit by Sebastian Aho and loses puck.
3:17 of 3rd period - Wrist shot by Filip Hronek.
3:17 of 3rd period - Shot Misses the Net.
3:23 of 3rd period - Snap shot by Anton Lundell.
3:23 of 3rd period - Shot Blocked by Justin Faulk.
3:25 of 3rd period - Wrist shot by Anton Lundell.
3:25 of 3rd period - Stopped by Linus Ullmark without a rebound.
3:26 of 3rd period - Elias Lindholm wins face-off versus Evgeny Kuznetsov in Canadiens zone.
3:44 of 3rd period - Icing by Martin Fehervary.
3:45 of 3rd period - Matt Duchene wins face-off versus Evgeny Kuznetsov in Rangers zone.
3:50 of 3rd period - Snap shot by Mathew Barzal.
3:50 of 3rd period - Stopped by Alexandar Georgiev with a rebound.
4:18 of 3rd period - Wrist shot by Christian Dvorak.
4:18 of 3rd period - Stopped by Linus Ullmark without a rebound.
4:19 of 3rd period - Elias Lindholm wins face-off versus Christian Dvorak in Canadiens zone.
4:24 of 3rd period - Slapshot by Ryan Nugent-Hopkins.
4:24 of 3rd period - Shot Misses the Net.
4:28 of 3rd period - Wrist shot by Matthew Tkachuk.
4:28 of 3rd period - Shot Misses the Net.
4:46 of 3rd period - Filip Hronek is hit by Blake Coleman and loses puck.
5:46 of 3rd period - Minor Penalty to Adam Pelech for Boarding.
5:47 of 3rd period - Elias Lindholm wins face-off versus Joel Eriksson Ek in Rangers zone.
5:50 of 3rd period - Snap shot by Elias Lindholm.
5:50 of 3rd period - Shot Misses the Net.
6:04 of 3rd period - Wrist shot by Matthew Tkachuk.
6:04 of 3rd period - Shot Blocked by Nick Seeler.
6:56 of 3rd period - Slapshot by Christian Dvorak.
6:56 of 3rd period - Shot Blocked by Matt Duchene.
6:58 of 3rd period - Snap shot by Morgan Barron.
6:58 of 3rd period - Stopped by Linus Ullmark without a rebound.
6:59 of 3rd period - Elias Lindholm wins face-off versus Morgan Barron in Canadiens zone.
7:04 of 3rd period - Nick Holden is hit by Justin Faulk.
7:08 of 3rd period - Elias Lindholm is hit by Martin Fehervary and loses puck.
7:27 of 3rd period - Wrist shot by Matt Duchene.
7:27 of 3rd period - Stopped by Alexandar Georgiev without a rebound.
7:28 of 3rd period - Mathew Barzal wins face-off versus Joel Eriksson Ek in Rangers zone.
7:46 of 3rd period - Penalty to Adam Pelech is over, Adam Pelech is back on ice.
7:57 of 3rd period - Snap shot by Blake Wheeler.
7:57 of 3rd period - Stopped by Linus Ullmark without a rebound.
7:58 of 3rd period - Max Domi wins face-off versus Evgeny Kuznetsov in Canadiens zone.
8:12 of 3rd period - Slapshot by Justin Faulk.
8:12 of 3rd period - Stopped by Alexandar Georgiev with a rebound.
8:14 of 3rd period - Slapshot by Justin Faulk.
8:14 of 3rd period - Shot Misses the Net.
8:16 of 3rd period - Snap shot by Max Domi.
8:16 of 3rd period - Shot Misses the Net.
8:18 of 3rd period - Slapshot by Andrew Mangiapane.
8:18 of 3rd period - Shot Misses the Net.
8:20 of 3rd period - Snap shot by Max Domi.
8:20 of 3rd period - Stopped by Alexandar Georgiev without a rebound.
8:21 of 3rd period - Elias Lindholm wins face-off versus Joel Eriksson Ek in Rangers zone.
8:30 of 3rd period - Snap shot by Elias Lindholm.
8:30 of 3rd period - Stopped by Alexandar Georgiev without a rebound.
8:31 of 3rd period - Elias Lindholm wins face-off versus Joel Eriksson Ek in Rangers zone.
8:40 of 3rd period - Joel Eriksson Ek is hit by Matthew Tkachuk and loses puck.
9:04 of 3rd period - Minor Penalty to Sebastian Aho for Roughing.
9:05 of 3rd period - Joel Eriksson Ek wins face-off versus Elias Lindholm in Rangers zone.
9:08 of 3rd period - Off-side.
9:09 of 3rd period - Elias Lindholm wins face-off versus Joel Eriksson Ek in neutral zone.
9:41 of 3rd period - Wrist shot by Brandon Hagel.
9:41 of 3rd period - Stopped by Alexandar Georgiev without a rebound.
9:42 of 3rd period - Morgan Barron wins face-off versus Mathew Barzal in Rangers zone.
9:42 of 3rd period - Morgan Barron is hit by Matt Duchene.
9:52 of 3rd period - Snap shot by Matt Duchene.
9:52 of 3rd period - Deflect By Joel Eriksson Ek.
9:52 of 3rd period - Stopped by Alexandar Georgiev without a rebound.
9:53 of 3rd period - Joel Eriksson Ek wins face-off versus Elias Lindholm in Rangers zone.
10:04 of 3rd period - Slapshot by Ryan Nugent-Hopkins.
10:04 of 3rd period - Deflect By Matthew Tkachuk.
10:04 of 3rd period - Stopped by Alexandar Georgiev with a rebound.
10:06 of 3rd period - Slapshot by Justin Faulk.
10:06 of 3rd period - Stopped by Alexandar Georgiev without a rebound.
10:07 of 3rd period - Joel Eriksson Ek wins face-off versus Elias Lindholm in Rangers zone.
10:19 of 3rd period - Off-side.
10:20 of 3rd period - Matthew Tkachuk wins face-off versus Joel Eriksson Ek in neutral zone.
10:25 of 3rd period - Slapshot by Matthew Tkachuk.
10:25 of 3rd period - Shot Misses the Net.
10:55 of 3rd period - Snap shot by Matt Duchene.
10:55 of 3rd period - Stopped by Alexandar Georgiev with a rebound.
10:57 of 3rd period - Slapshot by Justin Faulk.
10:57 of 3rd period - Stopped by Alexandar Georgiev with a rebound.
11:04 of 3rd period - Penalty to Sebastian Aho is over, Sebastian Aho is back on ice.
11:13 of 3rd period - Snap shot by Andrew Mangiapane.
11:13 of 3rd period - Goal by Andrew Mangiapane - Canadiens : 4 - Rangers : 1.
11:14 of 3rd period - Elias Lindholm wins face-off versus Joel Eriksson Ek in neutral zone.
11:48 of 3rd period - Minor Penalty to Kevin Shattenkirk for Holding.
11:49 of 3rd period - Elias Lindholm wins face-off versus Joel Eriksson Ek in Rangers zone.
12:21 of 3rd period - Slapshot by Brandon Hagel.
12:21 of 3rd period - Shot Misses the Net.
12:23 of 3rd period - Wrist shot by Mathew Barzal.
12:23 of 3rd period - Shot Misses the Net.
12:25 of 3rd period - Slapshot by Vladislav Gavrikov.
12:25 of 3rd period - Deflect By Mathew Barzal.
12:25 of 3rd period - Shot Misses the Net.
12:25 of 3rd period - Puck is out of play.
12:26 of 3rd period - Elias Lindholm wins face-off versus Morgan Barron in Rangers zone.
12:37 of 3rd period - Snap shot by Ryan Nugent-Hopkins.
12:37 of 3rd period - Shot Blocked by Martin Fehervary.
12:39 of 3rd period - Snap shot by Matthew Tkachuk.
12:39 of 3rd period - Shot Misses the Net.
13:01 of 3rd period - Joel Eriksson Ek is hit by Brandon Hagel.
13:48 of 3rd period - Penalty to Kevin Shattenkirk is over, Kevin Shattenkirk is back on ice.
13:58 of 3rd period - Kevin Shattenkirk is hit by Jonas Siegenthaler.
14:04 of 3rd period - Slapshot by Filip Hronek.
14:04 of 3rd period - Stopped by Linus Ullmark without a rebound.
14:05 of 3rd period - Evgeny Kuznetsov wins face-off versus Max Domi in Canadiens zone.
14:30 of 3rd period - Icing by Zach Werenski.
14:31 of 3rd period - Matt Duchene wins face-off versus Morgan Barron in Canadiens zone.
14:42 of 3rd period - Snap shot by Brandon Hagel.
14:42 of 3rd period - Stopped by Alexandar Georgiev with a rebound.
14:46 of 3rd period - Snap shot by Brandon Hagel.
14:46 of 3rd period - Shot Misses the Net.
15:18 of 3rd period - Slapshot by Martin Fehervary.
15:18 of 3rd period - Stopped by Linus Ullmark without a rebound.
15:19 of 3rd period - Elias Lindholm wins face-off versus Evgeny Kuznetsov in Canadiens zone.
15:26 of 3rd period - Snap shot by Ryan Nugent-Hopkins.
15:26 of 3rd period - Stopped by Alexandar Georgiev without a rebound.
15:27 of 3rd period - Evgeny Kuznetsov wins face-off versus Elias Lindholm in Rangers zone.
15:58 of 3rd period - Wrist shot by Blake Wheeler.
15:58 of 3rd period - Shot Misses the Net.
16:00 of 3rd period - Slapshot by Blake Wheeler.
16:00 of 3rd period - Stopped by Linus Ullmark with a rebound.
16:02 of 3rd period - Slapshot by Kevin Shattenkirk.
16:02 of 3rd period - Stopped by Linus Ullmark without a rebound.
16:03 of 3rd period - Matt Duchene wins face-off versus Christian Dvorak in Canadiens zone.
16:21 of 3rd period - Icing by Carl Grundstrom.
16:22 of 3rd period - Elias Lindholm wins face-off versus Anton Lundell in Rangers zone.
16:36 of 3rd period - Off-side.
16:37 of 3rd period - Elias Lindholm wins face-off versus Joel Eriksson Ek in neutral zone.
16:55 of 3rd period - Minor Penalty to Martin Fehervary for High sticking.
16:56 of 3rd period - Joel Eriksson Ek wins face-off versus Matthew Tkachuk in Rangers zone.
16:56 of 3rd period - Joel Eriksson Ek is hit by Justin Faulk.
17:20 of 3rd period - Icing by Jonas Siegenthaler.
17:21 of 3rd period - Mathew Barzal wins face-off versus Morgan Barron in Canadiens zone.
18:02 of 3rd period - Snap shot by Brandon Hagel.
18:02 of 3rd period - Stopped by Alexandar Georgiev with a rebound.
18:16 of 3rd period - Snap shot by Morgan Barron.
18:16 of 3rd period - Stopped by Linus Ullmark without a rebound.
18:17 of 3rd period - Elias Lindholm wins face-off versus Morgan Barron in Canadiens zone.
18:24 of 3rd period - Nick Seeler is hit by Matthew Tkachuk and loses puck.
18:35 of 3rd period - Joel Eriksson Ek is hit by Matthew Tkachuk and loses puck.
18:55 of 3rd period - Penalty to Martin Fehervary is over, Martin Fehervary is back on ice.
19:06 of 3rd period - Snap shot by Matthew Tkachuk.
19:06 of 3rd period - Stopped by Alexandar Georgiev with a rebound.
19:30 of 3rd period - Wrist shot by Joel Eriksson Ek.
19:30 of 3rd period - Stopped by Linus Ullmark without a rebound.
19:31 of 3rd period - Evgeny Kuznetsov wins face-off versus Matt Duchene in Canadiens zone.
19:34 of 3rd period - Snap shot by Jake Guentzel.
19:34 of 3rd period - Shot Misses the Net.
19:40 of 3rd period - Jonas Siegenthaler is hit by Kevin Shattenkirk and loses puck.
19:58 of 3rd period - Christian Dvorak is hit by Andrew Mangiapane.
Goals for this period are 1 for Canadiens vs 0 for Rangers.
Shots for this period are 17 for Canadiens vs 14 for Rangers.